AoeStats
← Flying Kangaroo

Arabia

506147086Analyzed
1v1 RM · 21d ago on Sep 12, 2026· 41m 7s· 2 players
Game mode
Random Map
Map size
Tiny (2 player)
Population
200
Speed
Normal
Resources
Standard
Victory
Conquest
Starting age
Dark Age
Ending age
Imperial Age
RankedLock teamsTeams togetherTeam positionsShared explorationLock speedFull tech treeHidden civsTurbo modeCheats
Victory
Defeat
🇦🇹 Gurjaras · Austria
727
+16
🇷🇴 Lithuanians · Romania
717
-16
ValKKnar
10:17 Feudal Age
10:50 Double-Bit Axe
14:19 Loom
17:14 Castle Age
19:20 Town Watch
24:49 Bloodlines
27:42 Wheelbarrow
28:15 Scale Barding Armor
28:20 Forging
30:04 Hand Cart
31:01 Town Patrol
33:25 Gold Mining
34:40 Chain Barding Armor
34:56 Iron Casting
34:24 Hill Forts
37:45 Imperial Age
38:34 Chain Barding Armor
38:49 Iron Casting
39:54 Plate Barding Armor
38:43 Cavalier
39:32 Husbandry
40:09 Pikeman
Flying Kangaroo
8:05 Loom
9:51 Feudal Age
10:47 Double-Bit Axe
14:40 Fletching
15:52 Gold Mining
19:17 Castle Age
18:03 Horse Collar
19:48 Bloodlines
21:19 Bow Saw
21:12 Heavy Plow
21:39 Scale Barding Armor
27:37 Wheelbarrow
27:12 Husbandry
27:36 Chain Barding Armor
27:27 Forging
28:47 Hand Cart
31:32 Imperial Age
33:20 Heavy Camel Rider
35:10 Hand Cart
36:33 Plate Barding Armor
36:33 Iron Casting
35:58 Crossbowman
36:11 Elite Elephant Archer
36:57 Thumb Ring
37:20 Siege Elephant
39:54 Bodkin Arrow
40:01 Padded Archer Armor
Connection lost

Rejoining the realm…

Still unreachable

The connection could not be restored.

Session expired

The server has moved on; the page needs a fresh start.